 Dungeon Crawl Stone Soup version 0.18-a0-884-gb6cfd45 (webtiles) character file.

981855 Geeful the Middleweight Champion (level 27, -5/247 HPs)
             Began as a Human Wanderer on Dec 20, 2015.
             Was a High Priest of Makhleb.
             Killed by Olgreb's Toxic Radiance
             ... invoked by Qieng the pandemonium lord
              (9 damage)
             ... in Pandemonium on Dec 22, 2015.
             The game lasted 10:14:08 (119766 turns).

Geeful the Middleweight Champion (Human Wanderer) Turns: 119766, Time: 10:14:08

Health: -5/247     AC: 49    Str: 21      XL:     27
Magic:  1/35       EV: 20    Int: 12 (13) God:    Makhleb [*****.]
Gold:   7537       SH: 19    Dex: 17 (18) Spells: 4 memorised, 17 levels left

rFire  + + .     SeeInvis +       - Unarmed
rCold  + + .     Gourm    .     w - +8 plate armour of Calculation {Dex+2}
rNeg   + + +     Faith    .     l - +2 shield of Resistance {rF+ rC+ MR+}
rPois  +         Spirit   .     n - +2 helmet {SInv}
rElec  .         Dismiss  .     S - +2 cloak of the Quahog {rN+}
rCorr  .         Reflect  .     J - +3 pair of gauntlets of War {Slay+5}
SustAt .         Harm     .     M - +2 pair of boots {run}
MR     +++..     Clarity  +     V - amulet of regeneration
Stlth  ..........               m - ring "Ybuanyri" {rC+ AC+3 Str+3}
                                O - ring "Trusted Companion" {+Fly rPois rF+ rN++ Str-5}

@: berserking, lethally poisoned (-5 -> -5), very quick, extremely resistant to
hostile enchantments, extremely unstealthy
A: talons 1, berserk 1, blurry vision 1, clarity, deterioration 2, frail 3,
screaming 1, weak 2, no device heal 2, subdued magic 1, MP-powered wands
a: Minor Destruction, Lesser Servant of Makhleb, Major Destruction, Greater
Servant of Makhleb, Renounce Religion, Evoke Flight
}: 10/15 runes: barnacled, slimy, silver, abyssal, demonic, glowing, magical,
fiery, dark, gossamer


You were in Pandemonium.
You worshipped Makhleb.
Makhleb was extremely pleased with you.
You were not hungry.

You visited 10 branches of the dungeon, and saw 55 of its levels.
You visited Pandemonium 1 time, and saw 27 of its levels.
You visited the Abyss 2 times.
You also visited: Trove, Ice Cave and Volcano.

You collected 12028 gold pieces.
You spent 4491 gold pieces at shops.

Inventory:

Armour
 k - the +2 pair of boots of the Assassin {DetectMon Stab+ Stlth++}
   (You found it in a treasure trove)

   It makes you much more stealthy.
 l - the +2 shield of Resistance (worn) {rF+ rC+ MR+}
   (You found it in a treasure trove)

   It protects you from fire.
   It protects you from cold.
   It affects your resistance to hostile enchantments.
 n - a +2 helmet of see invisible (worn)
 s - a +2 cloak of magic resistance
 w - the +8 plate armour of Calculation (worn) {Dex+2}
   (You found it in a treasure trove)

   It affects your dexterity (+2).
 F - the +2 pair of gloves "Qoraun Xuma" {rC+ MR++ Int+2}
   (You found it on level 13 of the Dungeon)

   It affects your intelligence (+2).
   It protects you from cold.
   It affects your resistance to hostile enchantments.
 J - the +3 pair of gauntlets of War (worn) {Slay+5}
   (You found it on level 3 of the Elven Halls)

   It affects your accuracy and damage with ranged weapons and melee attacks
   (+5).
 M - a +2 pair of boots of running (worn)
 N - a +2 pair of boots of flying
 R - a +2 pair of gloves of fire resistance
 S - the +2 cloak of the Quahog (worn) {rN+}
   (You found it in Pandemonium)

   It protects you from negative energy.
 Z - the cursed +1 crystal plate armour of Elyvilon's Delight {*Contam rN+++ MP+9 Dex-5}
   (You found it in Pandemonium)

   It affects your dexterity (-5).
   It renders you almost immune to negative energy.
   It affects your magic capacity (+9).
   It causes magical contamination when unequipped.
   It has a curse placed upon it.
Rods
 z - a +4 iron rod (9/9)
   (You took it off a deep elf sorcerer on level 3 of the Elven Halls)
Jewellery
 c - an uncursed ring of positive energy
 h - an uncursed ring of protection from fire
 m - the ring "Ybuanyri" (right hand) {rC+ AC+3 Str+3}
   (You found it on level 6 of the Pits of Slime)

   [ring of protection]

   It affects your AC (+3).
   It affects your strength (+3).
   It protects you from cold.
 E - an uncursed ring of sustain attributes
 I - the ring "Ponimeigg" {rElec rPois rN+ Int-5 Stlth+}
   (You took it off a red devil in Pandemonium)

   [ring of stealth]

   It affects your intelligence (-5).
   It insulates you from electricity.
   It protects you from poison.
   It protects you from negative energy.
   It makes you more stealthy.
 O - the ring "Trusted Companion" (left hand) {+Fly rPois rF+ rN++ Str-5}
   (You found it on level 5 of the Vaults)

   [ring of protection from fire]

   It affects your strength (-5).
   It protects you from fire.
   It protects you from poison.
   It greatly protects you from negative energy.
   It lets you fly.
 T - the ring of Perghous {MR++ Int+6 Dex-4 Stlth-}
   (You took it off a merfolk javelineer on level 4 of the Shoals)

   [ring of loudness]

   It affects your intelligence (+6).
   It affects your dexterity (-4).
   It affects your resistance to hostile enchantments.
   It makes you less stealthy.
 U - an uncursed ring of see invisible
 V - an amulet of regeneration (around neck)
Wands
 b - a wand of disintegration (11/24)
 j - a wand of invisibility (5/9)
 L - a wand of hasting (5/9)
 W - a wand of teleportation (6/9)
 Y - a wand of digging (8/24)
Scrolls
 a - 4 scrolls of blinking
 d - 10 scrolls of fog
 e - 9 scrolls of teleportation
 g - 12 scrolls of fear
 o - 18 scrolls of remove curse
 q - 3 scrolls of recharging
 t - 2 scrolls of enchant armour
 x - 4 scrolls of summoning
 y - 4 scrolls of magic mapping
 G - 3 scrolls of holy word
 P - 6 scrolls of identify
Potions
 p - 15 potions of curing
 B - a potion of haste
 C - 3 potions of agility
 D - a potion of resistance
 H - 3 potions of cancellation
 Q - 9 potions of berserk rage
Miscellaneous
 u - a phantom mirror
 A - an ornate deck of defence {drawn: 2}
 X - an ornate deck of war {Foxfire}
Comestibles
 f - 28 bread rations
 i - 25 fruits
 r - 25 meat rations


   Skills:
 + Level 23.4 Fighting
   Level 1.0 Crossbows
 + Level 23.6 Armour
 + Level 22.2 Dodging
 - Level 2.1 Stealth
 + Level 23.3 Shields
 O Level 27 Unarmed Combat
 - Level 16.5 Invocations
 - Level 1.0 Evocations


You had 17 spell levels left.
You knew the following spells:

 Your Spells              Type           Power        Failure   Level  Hunger
a - Song of Slaying       Chrm           #.......     99%         2    ###....
b - Regeneration          Chrm/Necr      #.........   100%        3    ####...
c - Repel Missiles        Chrm/Air       #.....       99%         2    ###....
d - Swiftness             Chrm/Air       #.......     99%         2    ###....


Dungeon Overview and Level Annotations

Branches:
Dungeon (15/15)            Temple (0/1) D:6            Lair (8/8) D:9
 Shoals (4/4) Lair:5       Spider (4/4) Lair:3        Slime (6/6) Lair:6
    Orc (2/2) D:11            Elf (3/3) Orc:2        Vaults (5/5) D:13
  Crypt (3/3) Vaults:2       Tomb (0/3) Crypt:3      Depths (5/5) D:15
    Zot (0/5) Depths:5

Altars:
Cheibriados
Elyvilon
Fedhas
Gozag
Kikubaaqudgha
Makhleb
Nemelex Xobeh
Okawaru
Pakellas
Qazlal
Ru
Sif Muna
Vehumet
Xom
Zin
Beogh

Shops:
D:7 (}!   D:10 *   Orc:1 *   Orc:2 =[**   Elf:1 (   Elf:3 [   Shoals:1 }
Shoals:3 *   Shoals:4 *   Vaults:2 [   Vaults:3 [   Vaults:4 *   Vaults:5 ::[!}
Depths:2 [

Portals:
Hell: Depths:1 Depths:2 Depths:3 Depths:4 Depths:5
Abyss: Depths:2 Depths:3 Depths:4 Depths:5
Pandemonium: Depths:3 Depths:5
Ziggurat: Depths:3

Annotations:
Shoals:2 Polyphemus


Innate Abilities, Weirdness & Mutations

You have sharp toenails.
You tend to lose your temper in combat.
Scrolls take you a little longer to read.
You possess an exceptional clarity of mind.
Your body often deteriorates upon taking damage.
You are extremely frail (-30% HP).
You occasionally shout uncontrollably at your foes.
You are very weak. (Str -4)
Potions and wands are poor at restoring your health.
Your spells are a little easier to cast, but a little less powerful.
You expend magic power (3 MP) to strengthen your wands.


Message History

* * * LOW HITPOINT WARNING * * *
Qieng hits you!!
* * * LOW HITPOINT WARNING * * *
You feel your power leaking away.
You hear a shout!
Drink which item? (? for menu, Esc to quit)
You can't drink that!
Drink which item? (? for menu, Esc to quit)
You can't drink that!
Drink which item? (? for menu, Esc to quit)
You feel better.
* * * LOW HITPOINT WARNING * * *
You are poisoned.
Your balrug gestures at Qieng.
The sticky flame hits Qieng.
Qieng resists.
Qieng is covered in liquid flames!
Qieng hits your balrug!!!
Your balrug's magic leaks into the air.
Drink which item? (? for menu, Esc to quit)
A red film seems to cover your vision as you go berserk!
You feel yourself moving faster!
You feel mighty!
You feel sick.
Qieng burns!
You die...

..&.....#.#
..........#
..........#
###.......#
..........#####
##...(..........
#.#.##.########
#.#.....2&.# .
#.####.###@# ....
#.# #.# #.# ....
##.## #.# #.#
...#.#...###.#
#.# ... ........#
#.# ..####..# ###
#.#
#.#.....#######.#
#^#.###.##...##.#
#.#.#.#.##...##.#


You could see Qieng (burning) and a friendly balrug.

Vanquished Creatures
  the Royal Jelly (Slime:6)
  7 pandemonium lords (Pan)
  Dissolution (Slime:1)
  Mnoleg (Pan)
  A seraph (Pan)
  4 ancient liches
  Sojobo (Vaults:5)
  Margery (Crypt:2)
  Saint Roka (Crypt:2)
  4 golden dragons
  5 caustic shrikes (Depths:3)
  58 large abominations
  Nikola (Shoals:2)
  2 pearl dragons (Pan)
  Jorgrun (Vaults:5)
  6 Brimstone Fiends (Pan)
  The ghost of Geeful the Sensei, an adept HuWn of Makhleb (Elf:3)
  6 liches
  6 Hell Sentinels (Pan)
  Rupert (D:14)
  9 tentacled monstrosities
  8 Ice Fiends (Pan)
  4 deep elf blademasters
  7 titans
  2 Shadow Fiends (Pan)
  The ghost of edsrzf the Devastator, an adept DsWz of Vehumet (Vaults:1)
  3 sphinxes
  5 ancient champions
  2 eldritch tentacles
  13 acid blobs
  23 Executioners (Pan)
  A kraken (Shoals:3)
  10 storm dragons
  4 shadow dragons
  A tentacled starspawn (Abyss:3)
  13 tengu reavers
  7 blood saints (Pan)
  13 fire giants
  Ilsuiw (Shoals:3)
  A revenant (Crypt:1)
  15 daevas (Pan)
  5 ghost moths
  A fire giant (shapeshifter) (Vaults:5)
  7 azure jellies
  A draconian knight (Depths:5)
  6 deep elf sorcerers
  13 frost giants
  2 iron dragons (Vaults:5)
  8 warmongers (Pan)
  4 curse skulls
  14 vault wardens
  16 balrugs (Pan)
  Aizul (Vaults:3)
  15 cacodemons (Pan)
  4 deep elf elementalists
  22 ironheart preservers
  4 spriggan defenders
  31 very ugly things
  29 apis (Pan)
  4 vampire knights
  18 ophanim
  21 reapers
  32 angels
  22 stone giants
  Nessos (D:13)
  4 salamander stormcallers
  A draconian caller (Depths:5)
  2 green draconians
  6 corrupters (Pan)
  12 lorocyprocas (Pan)
  3 war gargoyles (Vaults:5)
  12 deep elf annihilators
  16 black suns (Pan)
  A red draconian (Depths:5)
  11 chaos champions (Pan)
  A mottled draconian (Depths:5)
  A yellow draconian (Depths:5)
  4 deep elf demonologists
  A white draconian (Depths:5)
  16 spark wasps
  9 eidola
  30 blizzard demons (Pan)
  9 merfolk javelineers
  A crystal guardian (Vaults:5)
  13 fire dragons
  8 deep elf death magi
  8 jiangshi
  7 ettins
  14 death oozes
  A quicksilver dragon zombie (Crypt:3)
  7 deep elf high priests
  8 green deaths
  7 rakshasas
  A mummy priest (Crypt:3)
  13 ogre magi
  7 merfolk impalers
  20 great orbs of eyes
  6 hell beasts (Pan)
  33 vault guards
  7 hydras
  10 entropy weavers
  2 spriggan air magi
  A quicksilver dragon skeleton (Crypt:3)
  19 yaktaur captains
  14 monstrous demonspawn (Pan)
  6 ice dragons
  A catoblepas (Shoals:1)
  An entropy weaver (shapeshifter) (Vaults:4)
  5 centaur warriors
  4 merfolk avatars
  2 death yaks
  35 dancing weapons
  4 merfolk aquamancers
  3 satyrs
  7 vampire magi
  A queen ant (Spider:3)
  3 holy swine (Pan)
  8 deep troll shamans
  14 deep troll earth magi
  12 tengu warriors
  3 orc high priests
  A titan zombie (Crypt:3)
  29 soul eaters
  3 shock serpents (Pan)
  6 spriggan berserkers
  2 storm dragon zombies
  2 titan skeletons (Crypt:3)
  18 deep elf knights
  3 fire crabs (Vaults:2)
  11 shadow wraiths
  2 thrashing horrors (Abyss:3)
  2 iron trolls (Depths:3)
  34 sun demons (Pan)
  A golden dragon zombie (Crypt:3)
  18 cherubim
  20 skeletal warriors
  3 unseen horrors
  2 storm dragon skeletons
  A salamander mystic (D:14)
  14 sea snakes
  7 small abominations
  27 hell knights
  9 infernal demonspawn (Pan)
  A fire crab (shapeshifter) (Depths:1)
  9 gelid demonspawn (Pan)
  2 anaconda zombies
  A swamp dragon (shapeshifter) (Vaults:5)
  42 deep trolls
  7 hill giants
  4 giant orange brains
  7 torturous demonspawn (Pan)
  5 flayed ghosts
  27 harpies
  8 wizards
  13 phantasmal warriors
  15 deep elf archers
  11 putrid demonspawn (Pan)
  6 orc knights
  62 ugly things
  2 anaconda skeletons
  A mana viper (shapeshifter) (Vaults:5)
  12 shadow demons (Pan)
  15 griffons
  66 deep elf magi
  An iron dragon zombie (Crypt:2)
  2 stone giant zombies
  3 orc sorcerers
  9 cyclopes
  13 ironbrand convokers
  17 orb spiders
  A tengu skeleton (Vaults:5)
  32 necromancers
  A hornet (shapeshifter) (Vaults:5)
  3 fire giant zombies
  2 frost giant zombies
  An octopode (shapeshifter) (Vaults:3)
  19 fauns
  A faun (shapeshifter) (Vaults:5)
  2 salamanders (D:15)
  10 manticores
  32 sixfirhies
  A worldbinder (Abyss:3)
  A griffon (shapeshifter) (Depths:3)
  A manticore (shapeshifter) (Vaults:3)
  2 shadow dragon skeletons
  6 water nymphs
  10 hornets
  35 wolf spiders
  An iron dragon skeleton (Pan)
  3 shining eyes
  14 elephants
  A moth of wrath (Spider:1)
  48 smoke demons
  A stone giant skeleton (Pan)
  2 human skeletons (Vaults:4)
  An eye of devastation (shapeshifter) (Vaults:5)
  An ice statue (Pan)
  8 sirens
  3 dire elephant zombies (Crypt:3)
  A guardian serpent (Abyss:3)
  21 orange demons
  An apocalypse crab (Abyss:3)
  A rust devil (Pan)
  16 vault sentinels
  6 torpor snails
  8 black mambas
  5 frost giant skeletons
  A dire elephant skeleton (Crypt:2)
  3 gargoyles
  An alligator snapping turtle zombie (Crypt:2)
  A kobold demonologist (Vaults:1)
  18 spiny frogs
  A molten gargoyle (Volcano)
  3 hellions (Pan)
  32 yaktaurs
  11 ice devils (Pan)
  2 komodo dragons (shapeshifter)
  A purple draconian zombie (Crypt:2)
  An eye of devastation (Slime:5)
  A human zombie (Vaults:1)
  A yaktaur zombie (Vaults:1)
  30 demonic crawlers
  6 efreet
  A guardian mummy (Crypt:3)
  2 fire drakes
  2 two-headed ogres (shapeshifter)
  A purple draconian skeleton (Crypt:1)
  28 red devils (Pan)
  15 tormentors
  11 freezing wraiths
  3 tengu conjurers
  A white draconian skeleton (Crypt:2)
  A hydra zombie (Crypt:3)
  A minotaur zombie (Crypt:2)
  An ancient zyme (Abyss:3)
  32 jumping spiders
  3 polar bears (shapeshifter)
  26 polar bears
  7 komodo dragons
  An anaconda simulacrum (Crypt:2)
  63 slime creatures
  A queen bee (shapeshifter) (Elf:1)
  33 two-headed ogres
  31 merfolk
  7 trolls
  3 wind drakes
  A hornet zombie (D:13)
  A troll (shapeshifter) (Vaults:1)
  An ushabti (Crypt:3)
  2 blink frogs (Lair:8)
  37 hellwings
  2 hydra skeletons (Crypt:3)
  A wind drake (shapeshifter) (Depths:1)
  A harpy skeleton (Crypt:3)
  10 snapping turtles
  9 boulder beetles
  A centaur simulacrum (D:15)
  2 ettin zombies (Crypt:3)
  A snapping turtle (shapeshifter) (Vaults:3)
  A frost giant simulacrum (Vaults:5)
  3 raiju (Abyss:3)
  An ettin skeleton (Pan)
  A fire dragon skeleton (Pan)
  A fire dragon zombie (Crypt:3)
  53 redbacks
  A trapdoor spider (shapeshifter) (Depths:1)
  6 flying skulls (Crypt:1)
  14 spriggans
  4 shadows
  18 trapdoor spiders
  2 ice dragon skeletons
  26 water elementals
  14 tarantellas
  4 hungry ghosts
  7 air elementals
  13 starcursed masses (Abyss:3)
  A yak (shapeshifter) (D:14)
  An elf zombie (Vaults:5)
  A vampire (Crypt:2)
  3 fire bats (Lair:3)
  15 wraiths
  A black mamba skeleton (Pan)
  2 hogs (D:12)
  2 wyverns
  52 yaks
  A basilisk (Lair:8)
  19 golden eyes
  50 neqoxecs
  27 ynoxinuls (Pan)
  7 fire elementals
  9 vampire mosquitoes
  41 wolves
  35 chaos spawn
  A glowing shapeshifter zombie (Crypt:2)
  10 hippogriffs
  A steam dragon (Lair:3)
  3 mottled dragons
  2 merfolk zombies (Crypt:3)
  14 water moccasins
  5 ice beasts
  17 soldier ants
  3 wargs
  A spiny frog zombie (Crypt:3)
  12 porcupines
  2 sky beasts
  4 phantoms
  7 hell hounds (Pan)
  An alligator simulacrum (Crypt:2)
  4 necrophages
  29 orc warriors
  A spiny frog skeleton (Pan)
  13 black bears
  9 wasps
  54 ogres
  15 boggarts
  A tengu (shapeshifter) (Vaults:3)
  3 swamp dragon zombies
  6 eyes of draining
  12 centaurs
  An ogre (shapeshifter) (Elf:2)
  An orc skeleton (Vaults:1)
  A manticore skeleton (Pan)
  17 crocodiles
  2 snapping turtle skeletons (Crypt:3)
  A centaur (shapeshifter) (Vaults:5)
  2 big kobolds
  A big kobold (shapeshifter) (Depths:1)
  A crocodile (shapeshifter) (Depths:2)
  15 giant frogs
  2 earth elementals
  7 scorpions
  11 wyvern skeletons (Crypt:3)
  A spriggan zombie (Crypt:1)
  A warg skeleton (Crypt:1)
  19 wights
  A raiju zombie (Crypt:2)
  8 electric eels
  5 killer bees (D:7)
  A yak skeleton (Crypt:1)
  A quasit (Abyss:3)
  2 giant frog zombies
  6 centaur zombies
  13 hounds
  2 giant frog skeletons
  5 crimson imps
  31 orc priests
  14 jellies
  An iron imp (Depths:3)
  2 gnoll shamans (D:4)
  5 centaur skeletons
  22 worker ants
  Natasha (thrice) (D:2)
  6 iguanas
  26 orc wizards
  4 yak simulacra (Lair:8)
  4 polar bear simulacra (Lair:8)
  23 sheep
  3 wolf simulacra (Lair:8)
  A deep dwarf zombie (Crypt:1)
  2 deep dwarf skeletons
  A naga skeleton (Crypt:1)
  A mummy (Crypt:3)
  A hound skeleton (D:4)
  A worker ant zombie (D:6)
  49 river rats
  11 adders
  37 gnolls (D:4)
  A swamp drake skeleton (Crypt:2)
  4 shadow imps
  4 oozes
  An adder zombie (D:9)
  4 worms
  7 giant geckos
  98 orcs
  5 bats
  A bat skeleton (Crypt:2)
  5 giant cockroaches
  6 goblins
  7 hobgoblins
  19 jackals
  9 quokkas
  A ball python (D:2)
  A giant gecko skeleton (D:9)
  8 giant newts
  A giant newt skeleton (Crypt:1)
  A goblin skeleton (Crypt:1)
  14 kobolds
  A kobold zombie (Crypt:3)
  5 rats
  A river rat skeleton (Crypt:2)
  3 fungi (Lair:8)
  A lost soul (Crypt:3)
  A tentacle (Shoals:3)
  A tentacle segment (Shoals:3)
3573 creatures vanquished.

Vanquished Creatures (collateral kills)
  Cerebov (Pan)
  Gloorx Vloq (Pan)
  Lom Lobon (Pan)
  A juggernaut (Depths:5)
  A pandemonium lord (Pan)
  A Brimstone Fiend (Pan)
  2 titans (Pan)
  An Executioner (Pan)
  2 acid blobs (Slime:5)
  Kirke (D:12)
  Agnes (Elf:2)
  2 daevas (Pan)
  A vault warden (Vaults:3)
  A fire giant (Depths:3)
  2 balrugs (Pan)
  2 deep elf sorcerers (Elf:3)
  An emperor scorpion (Spider:4)
  Louise (Depths:5)
  2 cacodemons (Pan)
  A warmonger (Pan)
  An angel (Pan)
  An ironheart preserver (Vaults:5)
  3 draconian annihilators (Pan)
  An ophan (Pan)
  2 slime creatures
  4 deep elf annihilators
  A deep elf demonologist (Elf:3)
  3 spark wasps
  A dire elephant (D:15)
  Snorg (D:13)
  2 blizzard demons (Pan)
  2 vault guards (Vaults:5)
  Josephine (Lair:4)
  A great orb of eyes (Depths:3)
  Erolcha (D:12)
  A yaktaur captain (Depths:4)
  5 hydras
  An entropy weaver (Depths:3)
  2 centaur warriors
  2 merfolk avatars
  A merfolk aquamancer (Shoals:3)
  A dancing weapon (Vaults:5)
  3 death yaks
  An ogre mage (Vaults:2)
  2 deep troll shamans
  2 sun demons (Pan)
  A deep elf knight (Elf:2)
  2 spriggan berserkers
  A soul eater (Pan)
  3 orc high priests (Orc:2)
  A sea snake (Shoals:4)
  A hell knight (Vaults:5)
  A cherub (Pan)
  2 deep trolls
  A flayed ghost (Depths:5)
  2 deep elf magi
  4 harpies
  2 orb spiders (Spider:4)
  4 ugly things
  4 hill giants
  3 fauns (Shoals:2)
  8 wolf spiders (Spider:4)
  2 hornets (Spider:4)
  A rust devil (Pan)
  2 elephants (Lair:4)
  4 sirens
  A water nymph (Shoals:2)
  3 manticores
  2 black mambas
  An ice statue (IceCv)
  3 spiny frogs
  10 smoke demons (Pan)
  A gargoyle (Volcano)
  A demonic crawler (Spider:4)
  3 orange demons (Pan)
  A tengu conjurer (D:15)
  2 red devils (Pan)
  A polar bear (IceCv)
  A hellwing (Pan)
  4 jumping spiders
  A wind drake (Shoals:2)
  6 merfolk
  A troll (D:7)
  A snapping turtle (Shoals:1)
  A two-headed ogre (Vaults:5)
  3 blink frogs (Lair:8)
  4 large abominations (Pan)
  2 trapdoor spiders (Spider:4)
  8 redbacks
  5 tarantellas
  7 yaks
  A water elemental (Depths:3)
  3 golden eyes (Pan)
  2 hogs (D:12)
  A basilisk (Lair:5)
  2 neqoxecs (Pan)
  A hippogriff (Shoals:2)
  3 vampire mosquitoes
  2 wraiths (Lair:4)
  A chaos spawn (Pan)
  2 porcupines
  6 wolves
  A mottled dragon (D:13)
  A soldier ant (shapeshifter) (D:13)
  2 water moccasins
  4 wasps
  A black bear (Lair:8)
  A phantom (D:9)
  3 orc warriors
  A crocodile (D:9)
  2 ogres
  A centaur (D:14)
  A giant frog (D:14)
  5 wights
  An electric eel (Spider:4)
  A crimson imp (D:9)
  A hound (D:11)
  5 orc wizards
  A worker ant (D:14)
  A jelly (Slime:5)
  2 iguanas
  A killer bee zombie (D:11)
  2 shadow imps
  7 river rats
  17 orcs
  A jackal (D:9)
  2 kobolds (D:11)
  A crawling corpse (Vaults:5)
  A fungus (Lair:7)
  2 tentacles (Shoals:3)
287 creatures vanquished.

Vanquished Creatures (others)
  A Brimstone Fiend (Pan)
  A deep elf master archer (Elf:2)
  An eldritch tentacle (Pan)
  A deep elf elementalist (Abyss:3)
  A chaos champion (Pan)
  A green death (Pan)
  2 deep elf high priests
  A yaktaur captain (Vaults:2)
  A satyr (Shoals:4)
  3 deep elf knights (Elf:2)
  3 deep elf archers
  A deep elf mage (Elf:3)
  4 yaktaurs
  A slime creature (D:13)
  A tarantella (Spider:4)
  A large abomination (Pan)
  A chaos spawn (Pan)
  A boggart (Depths:2)
  An orc wizard (D:4)
  2 giant frog skeletons (D:13)
  4 ball lightnings (Pan)
  An orc (Vaults:2)
  182 eldritch tentacle segments
  A fire vortex (Pan)
  31 fungi
  10 lost souls
  27 plants
  2 starspawn tentacles (Abyss:3)
  7 tentacles (Shoals:3)
  570 tentacle segments (Shoals:3)
  12 withered plants (Crypt:3)
876 creatures vanquished.

Grand Total: 4736 creatures vanquished

Notes
Turn   | Place    | Note
--------------------------------------------------------------
     0 | D:1      | Geeful the Human Wanderer began the quest for the Orb.
     0 | D:1      | Geeful set off with: a +2 dagger, a potion of heal wounds, a +0 hand axe, a +0 ring mail, a bread ration
     0 | D:1      | Reached XP level 1. HP: 16/16 MP: 1/1
    46 | D:1      | Reached XP level 2. HP: 17/22 MP: 2/2
   655 | D:1      | Reached XP level 3. HP: 27/27 MP: 3/3
   735 | D:1      | Found a burning altar of Makhleb.
   741 | D:1      | Became a worshipper of Makhleb the Destroyer
  1120 | D:2      | Found a faded altar to an unknown god.
  1153 | D:2      | Noticed Natasha
  1182 | D:2      | Killed Natasha
  1182 | D:2      | Reached XP level 4. HP: 13/33 MP: 4/4
  1399 | D:2      | Reached * piety under Makhleb
  1459 | D:2      | Noticed Natasha
  1469 | D:2      | Killed Natasha
  1469 | D:2      | Reached skill level 4 in Unarmed Combat
  1589 | D:2      | Noticed Natasha
  1601 | D:2      | Killed Natasha
  2249 | D:3      | Found a stormy altar of Qazlal.
  2559 | D:3      | Reached XP level 5. HP: 27/38 MP: 5/5
  3361 | D:4      | Reached skill level 5 in Unarmed Combat
  3633 | D:4      | Reached XP level 6. HP: 16/44 MP: 6/6
  4338 | D:4      | Reached ** piety under Makhleb
  4339 | D:4      | Reached skill level 6 in Unarmed Combat
  4581 | D:5      | Entered Level 5 of the Dungeon
  5338 | D:4      | Reached XP level 7. HP: 50/50 MP: 7/7
  5466 | D:4      | Reached skill level 7 in Unarmed Combat
  5488 | D:4      | Reached *** piety under Makhleb
  6545 | D:4      | Reached skill level 8 in Unarmed Combat
  6908 | D:4      | Reached XP level 8. HP: 43/56 MP: 8/8
  7202 | D:4      | Reached **** piety under Makhleb
  7512 | D:4      | Reached skill level 9 in Unarmed Combat
  7512 | D:4      | Reached skill level 1 in Invocations
  7546 | D:5      | Noticed an orange demon
  7959 | D:5      | Found an oddly glowing altar of Pakellas.
  9358 | D:6      | Reached XP level 9. HP: 61/61 MP: 10/12
  9529 | D:6      | Reached skill level 10 in Unarmed Combat
  9535 | D:6      | Found a staircase to the Ecumenical Temple.
 10014 | D:7      | Found a white marble altar of Elyvilon.
 10085 | D:7      | Found Uked's Weapon Boutique.
 10269 | D:7      | Noticed a purple ugly thing
 10284 | D:7      | Killed a purple ugly thing
 10284 | D:7      | Reached skill level 11 in Unarmed Combat
 10310 | D:7      | Noticed a troll
 10316 | D:7      | Killed a troll
 10507 | D:7      | Found Wuridghehupt's Gadget Boutique.
 10636 | D:7      | Found Yci Ypp's Distillery.
 10640 | D:7      | Bought a potion of lignification for 42 gold pieces
 10640 | D:7      | Bought a potion of curing for 42 gold pieces
 10640 | D:7      | Bought a potion of curing for 42 gold pieces
 10654 | D:7      | Reached skill level 12 in Unarmed Combat
 10668 | D:7      | Reached XP level 10. HP: 60/67 MP: 11/13
 11594 | D:8      | Reached skill level 13 in Unarmed Combat
 11800 | D:8      | Got a polished cloak
 11807 | D:8      | Identified the +1 cloak of Duty {+Inv rF+ rN+ Str-5} (You found it on level 8 of the Dungeon)
 12117 | D:8      | Found a radiant altar of Vehumet.
 12142 | D:8      | Found a sparkling altar of Nemelex Xobeh.
 12235 | D:8      | Found a shimmering altar of Xom.
 12260 | D:8      | Found a deep blue altar of Sif Muna.
 12303 | D:8      | Reached ***** piety under Makhleb
 12812 | D:8      | Gained mutation: You evolve. [mutagenic meat]
 12813 | D:8      | Gained mutation: You have a pair of small horns on your head. [mutagenic meat]
 12815 | D:8      | Gained mutation: Your spells are a little harder to cast, but a little more powerful. [mutagenic meat]
 12895 | D:9      | Found a staircase to the Lair.
 12895 | D:9      | Noticed a spiny frog
 13019 | D:9      | Found an iron altar of Okawaru.
 13075 | D:9      | Found an oddly glowing altar of Pakellas.
 13207 | D:9      | Found a sacrificial altar of Ru.
 13410 | D:9      | Killed a spiny frog
 13410 | D:9      | Reached skill level 14 in Unarmed Combat
 13558 | D:9      | Reached XP level 11. HP: 72/72 MP: 14/14
 13734 | D:9      | Found a blossoming altar of Fedhas.
 13874 | D:10     | Entered Level 10 of the Dungeon
 13878 | D:10     | Found a portal to a secret trove of treasure.
 14086 | D:10     | Found Lourudos's General Store.
 14116 | D:10     | Bought a +0 pair of gloves for 63 gold pieces
 14145 | D:10     | Noticed a centaur warrior
 14164 | D:10     | Killed a centaur warrior
 14164 | D:10     | Reached skill level 15 in Unarmed Combat
 14815 | D:10     | Noticed a hill giant
 14836 | D:10     | Killed a hill giant
 15073 | D:11     | Noticed a white ugly thing
 15087 | D:11     | Noticed a hill giant
 15500 | D:11     | Found a staircase to the Orcish Mines.
 15615 | D:11     | Noticed a four-headed hydra
 15636 | D:11     | Killed a four-headed hydra
 15702 | D:11     | Reached skill level 16 in Unarmed Combat
 15999 | D:11     | Killed a cyan ugly thing
 16110 | D:11     | Killed a hill giant
 16282 | D:11     | Gained mutation: You have large cloven feet. [evolution]
 16403 | D:11     | Noticed a hill giant
 16423 | D:11     | Killed a hill giant
 16423 | D:11     | Reached XP level 12. HP: 6/78 MP: 3/15
 17134 | D:12     | Noticed Kirke
 17158 | D:12     | Killed Kirke
 17158 | D:12     | Reached skill level 17 in Unarmed Combat
 17534 | D:12     | Noticed Erolcha
 17580 | D:12     | Killed Erolcha
 18878 | Lair:1   | Entered Level 1 of the Lair of Beasts
 19261 | Lair:1   | Reached skill level 1 in Dodging
 19261 | Lair:1   | Reached skill level 1 in Shields
 19988 | Lair:1   | Noticed a six-headed hydra
 19997 | Lair:1   | Killed a six-headed hydra
 19997 | Lair:1   | Reached XP level 13. HP: 39/83 MP: 4/16
 20232 | Lair:1   | Gained mutation: Your mind is acute. (Int +2) [evolution]
 20336 | Lair:2   | Reached skill level 5 in Armour
 21107 | Lair:3   | Found a dark tunnel.
 21118 | Volcano  | Entered a volcano
 21254 | Volcano  | Reached skill level 5 in Dodging
 21513 | Lair:3   | Reached skill level 5 in Shields
 21620 | Lair:3   | Identified a scroll of acquirement
 22506 | Lair:3   | Found a hole to the Spider Nest.
 23243 | Lair:4   | Found a radiant altar of Vehumet.
 23422 | Lair:4   | Noticed Josephine
 23430 | Lair:4   | Killed Josephine
 23966 | Lair:5   | Reached XP level 14. HP: 21/90 MP: 8/17
 24620 | Lair:5   | Found a staircase to the Shoals.
 25611 | Lair:6   | Found a staircase to the Slime Pits.
 27201 | Lair:7   | Gained mutation: Your flesh is heat resistant. [evolution]
 27293 | Lair:8   | Entered Level 8 of the Lair of Beasts
 27317 | Lair:8   | Reached ****** piety under Makhleb
 28222 | Lair:8   | Got a crude scale mail
 28244 | Lair:8   | Identified the +5 scale mail "Beppacaf" {rF+ Str-5 Int+3} (You found it on level 8 of the Lair of Beasts)
 28605 | Lair:8   | Lost mutation: You have a pair of small horns on your head. [evolution]
 28674 | Lair:8   | Reached XP level 15. HP: 83/95 MP: 13/18
 28680 | Lair:8   | Reached skill level 10 in Armour
 29186 | Lair:8   | Reached skill level 10 in Shields
 29426 | Lair:8   | Reached skill level 10 in Dodging
 30470 | D:13     | Noticed Nessos
 30488 | D:13     | Killed Nessos
 30507 | D:13     | Noticed Snorg
 30518 | D:13     | Killed Snorg
 30531 | D:13     | Found a frozen archway.
 30541 | IceCv    | Entered an ice cave
 31263 | IceCv    | Reached skill level 18 in Unarmed Combat
 31474 | IceCv    | Noticed a frost giant
 31522 | IceCv    | Killed a frost giant
 31569 | IceCv    | Identified the Incunabulum of Shape Shifting
 31612 | D:13     | Found an opulent altar of Gozag.
 31621 | D:13     | Upgraded the game from 0.18-a0-846-g91b95b1 to 0.18-a0-853-gfe32976
 31671 | D:13     | Found a gate to the Vaults.
 31693 | D:12     | Reached skill level 5 in Fighting
 32401 | D:13     | Reached XP level 16. HP: 98/110 MP: 17/19
 32566 | D:13     | Got a pair of brightly glowing gloves
 32578 | D:13     | Identified the +2 pair of gloves "Qoraun Xuma" {rC+ MR++ Int+2} (You found it on level 13 of the Dungeon)
 33204 | D:14     | Reached skill level 5 in Invocations
 33631 | D:14     | Noticed Rupert
 34154 | Orc:1    | Entered Level 1 of the Orcish Mines
 34354 | Orc:2    | Entered Level 2 of the Orcish Mines
 34398 | Orc:2    | Found a staircase to the Elven Halls.
 34677 | Orc:1    | Found Baever Zamo's Assorted Antiques.
 34680 | Orc:1    | Bought a scroll of teleportation for 81 gold pieces
 35124 | Orc:2    | Found a roughly hewn altar of Beogh.
 35462 | Orc:2    | Gained mutation: You rapidly evolve. [evolution]
 36390 | Orc:2    | Found Tewast's Antique Armour Boutique.
 36392 | Orc:2    | Found Gajyl's Assorted Antiques.
 36397 | Orc:2    | Found Nafen's Jewellery Boutique.
 36397 | Orc:2    | Found Xofoleju's Assorted Antiques.
 36443 | Orc:2    | Bought a scroll of teleportation for 99 gold pieces
 36443 | Orc:2    | Bought an inky potion for 29 gold pieces
 36452 | Orc:2    | Bought a spiked chain mail for 266 gold pieces
 36454 | Orc:2    | Bought a glowing buckler for 99 gold pieces
 36454 | Orc:2    | Bought a pair of embroidered boots for 99 gold pieces
 36454 | Orc:2    | Bought a runed buckler for 99 gold pieces
 36468 | Orc:2    | Bought an uncursed ring of see invisible for 180 gold pieces
 36468 | Orc:2    | Bought an uncursed ring of protection from magic for 300 gold pieces
 36493 | Orc:2    | Identified the +3 chain mail of the Hare {rPois rC+ Str+3} (You bought it in a shop on level 2 of the Orcish Mines)
 36503 | Orc:2    | Identified a +2 pair of boots of running (You bought it in a shop on level 2 of the Orcish Mines)
 36572 | Orc:2    | Bought a potion of haste for 330 gold pieces
 36881 | D:14     | Killed Rupert
 36994 | D:15     | Entered Level 15 of the Dungeon
 37894 | D:15     | Found a glowing silver altar of Zin.
 38049 | D:15     | Reached skill level 19 in Unarmed Combat
 38128 | D:15     | Found a staircase to the Depths.
 38332 | D:15     | Reached XP level 17. HP: 110/124 MP: 17/23
 38671 | Spider:1 | Entered Level 1 of the Spider Nest
 38737 | Spider:1 | Lost mutation: Your flesh is heat resistant. [evolution]
 39152 | Orc:2    | Bought an uncursed ring of protection from fire for 300 gold pieces
 41702 | Spider:3 | Reached skill level 10 in Fighting
 42674 | Spider:3 | Lost mutation: You rapidly evolve. [evolution]
 42878 | Spider:3 | Reached skill level 10 in Invocations
 43704 | Spider:4 | Entered Level 4 of the Spider Nest
 43911 | Spider:4 | Got a pair of bloodstained boots
 43947 | Spider:4 | Identified the +1 pair of boots "Wozyth" {*Confuse rN+ SInv} (You found it on level 4 of the Spider Nest)
 44058 | Spider:4 | Reached XP level 18. HP: 79/136 MP: 18/25
 44920 | Spider:4 | Reached skill level 20 in Unarmed Combat
 45389 | Spider:4 | Got a faintly glowing chain mail
 45432 | Spider:4 | Identified the +7 chain mail of Oblivion {rElec MR- Int+4} (You found it on level 4 of the Spider Nest)
 45823 | Spider:4 | Got a gossamer rune of Zot
 46131 | Shoals:1 | Entered Level 1 of the Shoals
 46967 | Shoals:1 | Found Piffel's Gadget Boutique.
 47423 | Shoals:2 | Noticed Nikola
 47473 | Shoals:2 | Killed Nikola
 47487 | Shoals:2 | Noticed Polyphemus
 49068 | Shoals:2 | Reached skill level 21 in Unarmed Combat
 49772 | Shoals:3 | Reached XP level 19. HP: 142/142 MP: 23/26
 50466 | Shoals:3 | Found Lapnel's Assorted Antiques.
 50470 | Shoals:3 | Bought a lead wand for 172 gold pieces
 50470 | Shoals:3 | Bought a long fluorescent wand for 172 gold pieces
 50470 | Shoals:3 | Bought a scroll of identify for 86 gold pieces
 50842 | Shoals:3 | Gained mutation: You passively map a small area around you. [evolution]
 51201 | Shoals:4 | Entered Level 4 of the Shoals
 51398 | Shoals:4 | Noticed Ilsuiw
 51571 | Shoals:3 | Killed Ilsuiw
 52007 | Shoals:4 | Found Yrghixor's Assorted Antiques.
 52043 | Shoals:4 | Reached skill level 22 in Unarmed Combat
 52105 | Shoals:4 | Bought a fizzy silvery potion for 21 gold pieces
 52105 | Shoals:4 | Bought a scroll of identify for 48 gold pieces
 53686 | Shoals:4 | Got a flickering tin ring
 53853 | Shoals:4 | Identified the ring of Perghous {MR++ Int+6 Dex-4 Stlth-} (You took it off a merfolk javelineer on level 4 of the Shoals)
 53856 | Shoals:4 | Got a transparent iron ring
 53858 | Shoals:4 | Identified the ring of Githreuhe {Wiz Stlth+} (You found it on level 4 of the Shoals)
 54616 | Shoals:4 | Got a barnacled rune of Zot
 54937 | Shoals:4 | Reached XP level 20. HP: 113/149 MP: 23/27
 55483 | Lair:5   | Upgraded the game from 0.18-a0-853-gfe32976 to 0.18-a0-865-gb70d30c
 55673 | Elf:1    | Entered Level 1 of the Elven Halls
 56007 | Elf:1    | Got a turquoise-studded scale mail
 56018 | Elf:1    | Identified the +3 scale mail of Vafout {Str+4 Int+2} (You found it on level 1 of the Elven Halls)
 56126 | Elf:1    | Found Quecutodgh's Antique Weapon Shoppe.
 56549 | Elf:1    | Identified the Grimoire of Arcane Weapons
 56680 | Elf:1    | Lost mutation: Your spells are a little harder to cast, but a little more powerful. [evolution]
 56923 | Elf:2    | Reached skill level 23 in Unarmed Combat
 57458 | Elf:2    | Got a distressingly furry helmet
 57475 | Elf:2    | Lost mutation: Your mind is acute. (Int +2) [a neqoxec]
 57515 | Elf:1    | Identified the cursed +0 helmet of Qado {*Drain rC+ Str+4} (You found it on level 2 of the Elven Halls)
 57988 | Elf:2    | Found a huge runed gate.
 57988 | Elf:2    | Found a huge runed gate.
 57988 | Elf:2    | Found a huge runed gate.
 57988 | Elf:2    | Found a huge runed gate.
 57991 | Elf:2    | Found a huge runed gate.
 58978 | Elf:2    | Noticed Agnes
 59143 | Elf:2    | Killed Agnes
 59884 | Elf:2    | Reached XP level 21. HP: 132/154 MP: 24/28
 60657 | Vaults:1 | Entered Level 1 of the Vaults
 60679 | Vaults:1 | Noticed edsrzf's ghost (adept DsWz)
 61846 | Vaults:1 | Killed edsrzf's ghost
 62280 | Vaults:1 | Reached skill level 15 in Shields
 62550 | Vaults:1 | Reached skill level 24 in Unarmed Combat
 63582 | Vaults:2 | Found Xikong's Armour Emporium.
 64466 | Vaults:1 | Reached XP level 22. HP: 85/161 MP: 29/29
 64483 | Vaults:1 | Gained mutation: You are clumsy. (Dex -2) [evolution]
 64995 | Vaults:2 | Found a staircase to the Crypt.
 65269 | Vaults:2 | Reached skill level 25 in Unarmed Combat
 65693 | Vaults:3 | Found Inofax's Armour Shoppe.
 65896 | Vaults:3 | Noticed Aizul
 65911 | Vaults:3 | Killed Aizul
 67089 | Vaults:4 | HP: 8/163 [yaktaur/bolt (7)]
 68183 | Vaults:4 | Reached XP level 23. HP: 169/169 MP: 30/30
 68601 | Vaults:4 | Found Kuyw's General Store.
 68606 | Vaults:4 | Bought a potion of curing for 63 gold pieces
 68606 | Vaults:4 | Bought a scroll of teleportation for 63 gold pieces
 69563 | Depths:1 | Entered Level 1 of the Depths
 69563 | Depths:1 | Found a gateway to Hell.
 70233 | D:15     | Reached skill level 26 in Unarmed Combat
 71748 | Depths:1 | Reached XP level 24. HP: 175/180 MP: 24/30
 72140 | Depths:2 | Found a one-way gate to the infinite horrors of the Abyss.
 72148 | Depths:2 | Found Xuth's Antique Armour Shop.
 72156 | Depths:2 | Bought a smoking chain mail for 351 gold pieces
 72167 | Depths:2 | Identified the +2 chain mail "Appietia" {rC++ MP-9 Str+4} (You bought it in a shop on level 2 of the Depths)
 72347 | Depths:2 | Got a faintly glowing scale mail
 73718 | Depths:2 | Found a snail-covered altar of Cheibriados.
 73738 | Depths:2 | Learned a level 2 spell: Song of Slaying
 73742 | Depths:2 | Learned a level 3 spell: Regeneration
 73768 | Depths:2 | Identified the +3 scale mail of the Ditch-Digger {MR- Regen+ rCorr Dex+7} (You found it on level 2 of the Depths)
 75230 | Depths:3 | Identified a +1 rod of destruction (12/12) (You found it on level 2 of the Depths)
 75401 | Depths:3 | Found a one-way gate leading to the halls of Pandemonium.
 75576 | Depths:3 | Noticed a juggernaut
 75965 | Depths:3 | Reached XP level 25. HP: 188/188 MP: 29/30
 76118 | Depths:3 | Found a gateway to a ziggurat.
 76634 | Depths:3 | Learned a level 2 spell: Repel Missiles
 76637 | Depths:3 | Learned a level 2 spell: Swiftness
 76692 | Depths:3 | Got a distressingly furry scale mail
 76710 | Depths:3 | Identified the cursed +0 scale mail of the Monkey {*Corrode rElec rN+ Int+4} (You took it off a merfolk javelineer on level 3 of the Depths)
 77020 | Depths:4 | Reached skill level 27 in Unarmed Combat
 78331 | Depths:4 | Identified the Almanac of Intoxication
 78962 | Elf:3    | Entered Level 3 of the Elven Halls
 79148 | Elf:3    | Found Rikeg's Armour Shoppe.
 79154 | Elf:3    | Bought a +2 cloak of magic resistance for 430 gold pieces
 80665 | Elf:3    | Noticed Geeful's ghost (adept HuWn)
 81157 | Elf:3    | Reached skill level 15 in Armour
 81202 | Elf:3    | Killed Geeful's ghost
 81202 | Elf:3    | Reached skill level 15 in Fighting
 81453 | Elf:3    | Reached XP level 26. HP: 149/202 MP: 25/30
 81669 | Elf:3    | Identified Bebaun's Tome of Shifting Conjuration (You found it on level 3 of the Elven Halls)
 81777 | Elf:3    | Got a brightly glowing hat
 81779 | Elf:3    | Identified the +0 hat "Fexzot" {*Corrode rPois rC+ Int+3} (You found it on level 3 of the Elven Halls)
 83879 | Depths:5 | Entered Level 5 of the Depths
 83942 | Depths:5 | Noticed Louise
 83965 | Depths:5 | Killed Louise
 84386 | Depths:5 | Found a gate to the Realm of Zot.
 85172 | Depths:5 | Cast into level 3 of the Abyss (hell knight)
 85206 | Depths:5 | Escaped the Abyss
 85554 | Depths:5 | Noticed a juggernaut
 85778 | Depths:5 | Killed a juggernaut
 85964 | Depths:5 | Gained mutation: You are resistant to hostile enchantments. [potion of mutation]
 85964 | Depths:5 | Gained mutation: You are dopey. (Int -2) [potion of mutation]
 85965 | Depths:5 | Gained mutation: You are highly resistant to hostile enchantments. [potion of mutation]
 85966 | Depths:5 | Gained mutation: Your flesh is cold resistant. [potion of mutation]
 85966 | Depths:5 | Lost mutation: You are dopey. (Int -2) [potion of mutation]
 85967 | Depths:5 | Gained mutation: You are partially covered in molten scales (AC +1). [potion of mutation]
 85967 | Depths:5 | Gained mutation: You have a pair of small antennae on your head. [potion of mutation]
 85968 | Depths:5 | Lost mutation: You evolve. [potion of mutation]
 85968 | Depths:5 | Lost mutation: You are highly resistant to hostile enchantments. [potion of mutation]
 85970 | Depths:5 | Lost mutation: You passively map a small area around you. [potion of cure mutation]
 85970 | Depths:5 | Lost mutation: You are resistant to hostile enchantments. [potion of cure mutation]
 85970 | Depths:5 | Lost mutation: You have a pair of small antennae on your head. [potion of cure mutation]
 85970 | Depths:5 | Lost mutation: You have large cloven feet. [potion of cure mutation]
 85970 | Depths:5 | Lost mutation: You are partially covered in molten scales (AC +1). [potion of cure mutation]
 85970 | Depths:5 | Lost mutation: You are clumsy. (Dex -2) [potion of cure mutation]
 86250 | Depths:4 | Drew Focus: Str increased to 21, Int decreased to 13
 86260 | Depths:4 | Lost mutation: Your flesh is cold resistant. [helix card]
 86631 | Vaults:5 | Entered Level 5 of the Vaults
 86661 | Vaults:5 | Noticed Jorgrun
 86694 | Vaults:5 | Killed Jorgrun
 86694 | Vaults:5 | Reached XP level 27. HP: 214/214 MP: 27/30
 86951 | Vaults:5 | Got a slimy blowgun
 86952 | Vaults:5 | Identified the +2 blowgun of the Vestibule of Hell {speed, MR++ MP+9 Int+4} (You found it on level 5 of the Vaults)
 86955 | Vaults:5 | Found Diyshaz's Book Boutique.
 87084 | Vaults:5 | Noticed Sojobo
 87124 | Vaults:5 | Killed Sojobo
 87852 | Vaults:5 | Got a shimmering tin ring
 87860 | Vaults:5 | Identified the ring "Trusted Companion" {+Fly rPois rF+ rN++ Str-5} (You found it on level 5 of the Vaults)
 87901 | Vaults:5 | Noticed an ancient lich
 87926 | Vaults:5 | Killed an ancient lich
 88609 | Vaults:5 | Found Jula's Distillery.
 88612 | Vaults:5 | Found Tecal's Gadget Shoppe.
 88644 | Vaults:5 | Bought 2 potions of agility for 120 gold pieces
 88644 | Vaults:5 | Bought a potion of heal wounds for 75 gold pieces
 88644 | Vaults:5 | Bought a potion of haste for 150 gold pieces
 88644 | Vaults:5 | Bought a potion of heal wounds for 75 gold pieces
 88692 | Vaults:5 | Found Orawut's Book Shoppe.
 88695 | Vaults:5 | Found Xaoteoh's Antique Armour Shop.
 88710 | Vaults:5 | Bought an encrusted cloak for 256 gold pieces
 88721 | Vaults:5 | Identified the +1 cloak of Fadat {MP+9 Int+3} (You bought it in a shop on level 5 of the Vaults)
 89020 | D:10     | You paid a toll of 14 scrolls of teleportation to enter a treasure trove
 89021 | Trove    | Entered a treasure trove
 89072 | Trove    | Got an amber-encrusted chain mail
 89083 | Trove    | Got a pair of transparent boots
 89088 | Trove    | Got a scorched plate armour
 89110 | Trove    | Identified the +1 chain mail of the Ditch-Digger {-Cast rPois Dex+5} (You found it in a treasure trove)
 89128 | Trove    | Identified the +8 plate armour of Calculation {Dex+2} (You found it in a treasure trove)
 89142 | Trove    | Identified the +1 pair of boots of Koejoll {Str+3} (You found it in a treasure trove)
 89585 | Vaults:5 | Noticed an ancient lich
 89600 | Vaults:5 | Killed an ancient lich
 89810 | Vaults:5 | Got a silver rune of Zot
 89879 | Vaults:5 | Identified the Almanac of Parts Unknown
 90548 | Elf:3    | Got a jewelled ring mail
 90565 | Elf:3    | Identified the +0 ring mail "Jaleloef" {Int+2 Slay+2} (You found it on level 3 of the Elven Halls)
 90887 | Slime:1  | Entered Level 1 of the Pits of Slime
 90893 | Slime:1  | Gained mutation: You tend to lose your temper in combat. [a shining eye]
 90894 | Slime:1  | Gained mutation: You have large cloven feet. [a shining eye]
 90914 | Slime:1  | Gained mutation: Your magical capacity is low (-10% MP). [a shining eye]
 90929 | Slime:2  | Noticed Dissolution
 90951 | Slime:1  | Killed Dissolution
 91133 | Slime:3  | Gained mutation: You are clumsy. (Dex -2) [a shining eye]
 91228 | Slime:6  | Entered Level 6 of the Pits of Slime
 91263 | Slime:6  | Noticed the Royal Jelly
 91632 | Slime:6  | Killed the Royal Jelly
 92674 | Shoals:1 | Bought a wand of disintegration (22/24) for 338 gold pieces
 92806 | Slime:3  | Gained mutation: You expend magic power (3 MP) to strengthen your wands. [a shining eye]
 92874 | Slime:6  | Got an ancient lead ring
 92904 | Slime:6  | Identified the ring "Ybuanyri" {rC+ AC+3 Str+3} (You found it on level 6 of the Pits of Slime)
 92938 | Slime:6  | Got a slimy rune of Zot
 92940 | Slime:6  | Got a flickering silver ring
 92942 | Slime:6  | Identified the ring "Maixal" {rC+ Str-4 Dex+4} (You found it on level 6 of the Pits of Slime)
 93027 | Slime:6  | Got an ancient buckler
 93074 | Slime:6  | Identified the cursed +0 buckler of Circular Logic {*Drain rPois rC+ Dex+3} (You found it on level 6 of the Pits of Slime)
 93080 | Slime:6  | Identified Duheopun's Incunabulum of Calling (You found it on level 6 of the Pits of Slime)
 93471 | D:10     | Lost mutation: You tend to lose your temper in combat. [potion of cure mutation]
 93471 | D:10     | Lost mutation: You have large cloven feet. [potion of cure mutation]
 93471 | D:10     | Lost mutation: You are clumsy. (Dex -2) [potion of cure mutation]
 93471 | D:10     | Lost mutation: Your magical capacity is low (-10% MP). [potion of cure mutation]
 93471 | D:10     | Lost mutation: You expend magic power (3 MP) to strengthen your wands. [potion of cure mutation]
 93574 | Crypt:1  | Entered Level 1 of the Crypt
 94038 | Crypt:1  | Got a heavily runed cloak
 94041 | Crypt:1  | Identified the +0 cloak "Tovagg" {MR+} (You found it on level 1 of the Crypt)
 94353 | Crypt:2  | Noticed Margery
 94374 | Crypt:2  | Killed Margery
 94796 | Crypt:2  | Noticed Saint Roka
 94831 | Crypt:2  | Killed Saint Roka
 94884 | Crypt:2  | Found an ancient bone altar of Kikubaaqudgha.
 95284 | Crypt:3  | Entered Level 3 of the Crypt
 95986 | Crypt:3  | Reached skill level 15 in Dodging
 96053 | Crypt:3  | Found a staircase to the Tomb.
 96743 | Crypt:3  | Cast into level 2 of the Abyss (reaper)
 96770 | Abyss:3  | Found a corrupted altar of Lugonu.
 97061 | Abyss:3  | Found a glowing golden altar of the Shining One.
 97099 | Abyss:3  | Paralysed by accursed screaming for 1 turns
 97132 | Abyss:3  | Got an abyssal rune of Zot
 97275 | Abyss:3  | Found a shimmering altar of Xom.
 97292 | Abyss:3  | Found a shimmering altar of Xom.
 97461 | Crypt:3  | Escaped the Abyss
 97770 | Crypt:3  | Identified Fefrivve's Almanac of Stolen Souls (You found it on level 3 of the Crypt)
 97786 | Crypt:3  | Noticed an ancient lich
 97799 | Crypt:3  | Killed an ancient lich
 97814 | Crypt:3  | Noticed an ancient lich
 97835 | Crypt:3  | Killed an ancient lich
 97907 | Crypt:3  | Identified Spellcraft in Simple Steps (You found it on level 3 of the Crypt)
 98016 | Crypt:3  | Found an ancient bone altar of Kikubaaqudgha.
 98223 | Crypt:3  | Upgraded the game from 0.18-a0-865-gb70d30c to 0.18-a0-884-gb6cfd45
 98729 | Pan      | Entered Pandemonium
 98729 | Pan      | Found an exit through the horrors of the Abyss.
 99459 | Pan      | Noticed Arogin the pandemonium lord
 99822 | Pan      | Found a glowing silver altar of Zin.
 99904 | Pan      | Got a twisted large shield
 99918 | Pan      | Identified the +4 large shield "Lyclott" {rC- MP+9 Str+2} (You took it off a daeva in Pandemonium)
101372 | Pan      | Noticed a seraph
101395 | Pan      | Killed a seraph
101478 | Pan      | Found a glowing golden altar of the Shining One.
101525 | Pan      | Got a smelly chain mail
101531 | Pan      | Got a demonic rune of Zot
101543 | Pan      | Identified the +1 chain mail "Maesti Mopt" {Regen+ Str+4 Int-3 Dex+4} (You found it in Pandemonium)
101576 | Pan      | Got a spiked buckler
101591 | Pan      | Identified the cursed +0 buckler "Qaecek" {Dex+4 Stlth+} (You took it off a cherub in Pandemonium)
102357 | Pan      | Got an encrusted buckler
102361 | Pan      | Identified the cursed -2 buckler of the Snake Pit {rC+ rN+ MR+ MP+9} (You took it off a cherub in Pandemonium)
102477 | Pan      | Found a white marble altar of Elyvilon.
103651 | Pan      | Found an exit through the horrors of the Abyss.
104106 | Pan      | Noticed Nig Xide the pandemonium lord
104124 | Pan      | Killed Nig Xide the pandemonium lord
104510 | Pan      | Found an exit through the horrors of the Abyss.
105535 | Pan      | Noticed Xuenoj the pandemonium lord
105567 | Pan      | Killed Xuenoj the pandemonium lord
105572 | Pan      | Reached skill level 15 in Invocations
105702 | Pan      | Identified the Tome of the Compass and the Blaze
105918 | Pan      | Gained mutation: You tend to lose your temper in combat. [a neqoxec]
106355 | Pan      | Got a crude crystal plate armour
106360 | Pan      | Identified the cursed +1 crystal plate armour of Elyvilon's Delight {*Contam rN+++ MP+9 Dex-5} (You found it in Pandemonium)
106445 | Pan      | Lost mutation: You tend to lose your temper in combat. [potion of cure mutation]
106685 | Pan      | Found an exit through the horrors of the Abyss.
106904 | Pan      | Gained mutation: You are clumsy. (Dex -2) [a neqoxec]
107002 | Pan      | Gained mutation: Your spells are a little easier to cast, but a little less powerful. [potion of mutation]
107002 | Pan      | Gained mutation: You have a beak for a mouth. [potion of mutation]
107003 | Pan      | Lost mutation: You are clumsy. (Dex -2) [potion of cure mutation]
107003 | Pan      | Lost mutation: Your spells are a little easier to cast, but a little less powerful. [potion of cure mutation]
107003 | Pan      | Lost mutation: You have a beak for a mouth. [potion of cure mutation]
107718 | Pan      | Found an exit through the horrors of the Abyss.
107887 | Pan      | Noticed Veefoich the pandemonium lord
107907 | Pan      | Killed Veefoich the pandemonium lord
108815 | Pan      | Gained mutation: Scrolls take you a little longer to read. [a cacodemon]
108819 | Pan      | Gained mutation: Armour fits poorly on your strangely shaped body. [a cacodemon]
108821 | Pan      | Noticed Myhamum the pandemonium lord
108860 | Pan      | Killed Myhamum the pandemonium lord
109115 | Pan      | Gained mutation: You are clumsy. (Dex -2) [a neqoxec]
109291 | Pan      | Found an exit through the horrors of the Abyss.
109642 | Pan      | Gained mutation: Your magical capacity is low (-10% MP). [a neqoxec]
109647 | Pan      | Lost mutation: Your magical capacity is low (-10% MP). [potion of cure mutation]
109647 | Pan      | Lost mutation: Scrolls take you a little longer to read. [potion of cure mutation]
109647 | Pan      | Lost mutation: Armour fits poorly on your strangely shaped body. [potion of cure mutation]
109647 | Pan      | Lost mutation: You are clumsy. (Dex -2) [potion of cure mutation]
109750 | Pan      | Found an exit through the horrors of the Abyss.
109774 | Pan      | Gained mutation: You are frail (-10% HP). [a cacodemon]
111177 | Pan      | Gained mutation: Your body sometimes deteriorates upon taking damage. [a neqoxec]
111271 | Pan      | Gained mutation: You are very frail (-20% HP). [a neqoxec]
111273 | Pan      | Gained mutation: Your spells are a little easier to cast, but a little less powerful. [a neqoxec]
111274 | Pan      | Gained mutation: Your body often deteriorates upon taking damage. [a neqoxec]
111312 | Pan      | Found an exit through the horrors of the Abyss.
111722 | Pan      | Lost mutation: You are very frail (-20% HP). [potion of mutation]
111722 | Pan      | Gained mutation: Potions and wands are less effective at restoring your health. [potion of mutation]
111723 | Pan      | Gained mutation: You possess an exceptional clarity of mind. [potion of mutation]
111723 | Pan      | Gained mutation: You have sharp toenails. [potion of mutation]
111994 | Pan      | Noticed Kare the pandemonium lord
112008 | Pan      | Killed Kare the pandemonium lord
112089 | Pan      | HP: 1/207 [Brimstone Fiend/blast of hellfire (53)]
112303 | Pan      | Found a runed door.
112359 | Pan      | Found an exit through the horrors of the Abyss.
112370 | Pan      | Found a runed door.
112371 | Pan      | Found a runed door.
112382 | Pan      | Found a runed door.
112391 | Pan      | Noticed Irask the pandemonium lord
112400 | Pan      | Killed Irask the pandemonium lord
112521 | Pan      | Entered the realm of Cerebov.
112751 | Pan      | Got a slimy gossamer ring
112757 | Pan      | Noticed Cerebov
112809 | Pan      | Killed Cerebov
112853 | Pan      | Got a fiery rune of Zot
112889 | Pan      | Identified the ring "Ponimeigg" {rElec rPois rN+ Int-5 Stlth+} (You took it off a red devil in Pandemonium)
112895 | Pan      | Identified the Reference Book on Bewitchment
112928 | Pan      | Got a pitted glass ring
112929 | Pan      | Identified the ring of Rodaxymn {+Inv rN+ Str-5 Dex+5} (You found it in Pandemonium)
112953 | Pan      | Got a steaming amber ring
112963 | Pan      | Got a faintly glowing cloak
112975 | Pan      | Identified the +2 cloak of the Quahog {rN+} (You found it in Pandemonium)
112976 | Pan      | Identified the ring of Qazlal's Anger {SustAt rElec rN+++ Int-5 Slay-5} (You found it in Pandemonium)
113037 | Pan      | Identified the Almanac of Aerial Attacks (You found it in Pandemonium)
113060 | Pan      | Got a pair of warped boots
113071 | Pan      | Identified the cursed +0 pair of boots of Impatience {rPois rF+ Int+7} (You found it in Pandemonium)
113196 | Pan      | Found an exit through the horrors of the Abyss.
113308 | Pan      | Noticed Arigeziy the pandemonium lord
113376 | Pan      | Killed Arigeziy the pandemonium lord
113977 | Pan      | Found an exit through the horrors of the Abyss.
114228 | Pan      | Noticed Ylugra the pandemonium lord
114228 | Pan      | Gained mutation: Scrolls take you a little longer to read. [a cacodemon]
114483 | Pan      | Gained mutation: You are weak. (Str -2) [a neqoxec]
114527 | Pan      | Noticed Battamm the pandemonium lord
114906 | Pan      | Gained mutation: You tend to lose your temper in combat. [potion of mutation]
115050 | Pan      | Gained mutation: You are very frail (-20% HP). [a neqoxec]
115052 | Pan      | Gained mutation: Your spells are easier to cast, but less powerful. [a neqoxec]
115326 | Pan      | Found an exit through the horrors of the Abyss.
115436 | Pan      | Noticed Ukhoh the pandemonium lord
115621 | Pan      | Entered the realm of Lom Lobon.
115875 | Pan      | Noticed Lom Lobon
115904 | Pan      | Killed Lom Lobon
115924 | Pan      | Got a magical rune of Zot
116298 | Pan      | Found an exit through the horrors of the Abyss.
116616 | Pan      | Entered the realm of Mnoleg.
116731 | Pan      | Found an exit through the horrors of the Abyss.
117090 | Pan      | Gained mutation: Your magical capacity is low (-10% MP). [a neqoxec]
117091 | Pan      | Gained mutation: Armour fits poorly on your strangely shaped body. [a neqoxec]
117102 | Pan      | Gained mutation: You expend magic power (3 MP) to strengthen your wands. [a neqoxec]
117215 | Pan      | Lost mutation: Potions and wands are less effective at restoring your health. [a cacodemon]
117220 | Pan      | Gained mutation: You are extremely frail (-30% HP). [a cacodemon]
117258 | Pan      | Gained mutation: Potions and wands are less effective at restoring your health. [a neqoxec]
117296 | Pan      | Gained mutation: Potions and wands are poor at restoring your health. [a neqoxec]
117297 | Pan      | Gained mutation: You are very weak. (Str -4) [a neqoxec]
117374 | Pan      | Lost mutation: Armour fits poorly on your strangely shaped body. [mutagenic meat]
117376 | Pan      | Lost mutation: Your body often deteriorates upon taking damage. [mutagenic meat]
117380 | Pan      | Lost mutation: Your spells are easier to cast, but less powerful. [mutagenic meat]
117430 | Pan      | Lost mutation: Your magical capacity is low (-10% MP). [mutagenic meat]
117460 | Pan      | Noticed Mnoleg
117525 | Pan      | Killed Mnoleg
117704 | Pan      | Gained mutation: Your body often deteriorates upon taking damage. [a cacodemon]
117712 | Pan      | Gained mutation: You occasionally shout uncontrollably at your foes. [a neqoxec]
117830 | Pan      | Got a bound ivory ring
117835 | Pan      | Identified the ring "Rugian" {rElec Int+2 SInv} (You found it in Pandemonium)
117861 | Pan      | Got a glowing rune of Zot
118128 | Pan      | Found an exit through the horrors of the Abyss.
118345 | Pan      | Found a runed door.
118359 | Pan      | Found a runed door.
118367 | Pan      | Found a runed door.
118378 | Pan      | Found a runed door.
118391 | Pan      | Noticed Lon Busch the pandemonium lord
118413 | Pan      | Killed Lon Busch the pandemonium lord
118475 | Pan      | Entered the realm of Gloorx Vloq.
118654 | Pan      | Found an exit through the horrors of the Abyss.
119451 | Pan      | Noticed Gloorx Vloq
119464 | Pan      | Killed Gloorx Vloq
119495 | Pan      | Got a dark rune of Zot
119735 | Pan      | Noticed Qieng the pandemonium lord
119765 | Pan      | HP: 3/165 [Qieng the pandemonium lord/Olgreb's Toxic Radiance (8)]
119766 | Pan      | Killed from afar by Qieng the pandemonium lord

Vault maps used:
D:1:      minmay_arrival_jagged, minmay_statues_item, kennysheep_flooded_box
D:2:      ecumenical_altar_2, uniq_natasha
D:3:      lemuel_round_altar
D:4:      lemuel_castle_with_subvaults, first_bread
D:5:      grunt_pakellas_basics
D:6:      minmay_temple_entry_statues_pillars
D:7:      overflow_temple_1_default, serial_shops, shop_fountains, shop, shop,
          kb_rosetta
D:8:      nicolae_overflow_quartered_altars
D:9:      lemuel_ice_spiral_2, kennysheep_mini_moat, kennysheep_mini,
          dpeg_lair_monsters, basic_altar, hangedman_tree_tricks
D:10:     serial_shops, nicolae_shop_waterfront, enter_trove_1, dk_vineyard_1
D:11:     orc_0_dummy, item_on_display_a
D:12:     kennysheep_boxes, uniq_kirke, uniq_erolcha
D:13:     lightli_vaults_fourway_checkpoint, basic_altar,
          portal_ice_cave_entry_pillars_01, lemuel_flame_loot_1, uniq_snorg,
          uniq_nessos
D:14:     kennysheep_six_static_rooms, uniq_rupert
D:15:     hangedman_depths_entry_try_elsewhere_first, zin_angel, spider_trap,
          grunt_decor_fettered
Lair:1:   beast_lair_carwin_large_3, st_stairs_12
Lair:2:   st_stairs_12
Lair:3:   nicolae_spider_entry_non_spiders, enter_volcano_3,
          nicolae_quartered_pool_super, serial_bayou_shore_a
Lair:4:   basic_altar, minmay_holes, grunt_megastairs_4, uniq_josephine
Lair:5:   elwin_shoals_entry_stream, st_stairs_8, minivault_26
Lair:6:   dpeg_slime_entry_corner, grunt_megastairs_5, lemuel_fruit_tree
Lair:7:   serial_bayou_lagoon_b
Lair:8:   minmay_lair_end_enchanted_forest, eino_house_with_fridge
Shoals:1: serial_shops, shop_statue
Shoals:2: uniq_nikola, uniq_polyphemus
Shoals:3: serial_shops, nicolae_shop_behind_doors
Shoals:4: shoals_end_grunt_ice, shoal_ilsuiw, serial_shops, shop
Spider:1: nicolae_spider_mines_1
Spider:2: nicolae_spider_webs_and_nodes, einodemon_crawler_minivault
Spider:3: zaba_antful_of_joy
Spider:4: spider_rune_water, nicolae_orb_stairs
Slime:2:  dissolution_awaits
Orc:1:    serial_shops, nicolae_shop_behind_doors
Orc:2:    st_orc_mages, basic_altar
Elf:1:    elf_arrival_002, serial_shops, nicolae_shop_overgrown_old_shop,
          minmay_elf_annihilation, hangedman_elf_targetted_burst
Elf:2:    lemuel_flamethrower_hall, uniq_agnes
Elf:3:    minmay_elf_hall_quartered_circle, serial_shops, shop,
          grunt_ministairs_9
Vaults:1: nicolae_vaults_gold_heap, grunt_vaults_swirl, hangedman_vaults_unwind,
          vaults_dpeg_ring, v_misc_5, ontoclasm_vaults_ring_large, v_misc_12,
          vaults_dpeg_hooks, v_misc_5, v_misc_31,
          nicolae_vaults_little_squares_3, vaults_dpeg_spiral,
          nicolae_vaults_little_squares_2, ontoclasm_vaults_ring_small,
          vaults_room_stairs_pillars
Vaults:2: ontoclasm_vaults_tryst, v_misc_13, v_pattern_2, st_cells,
          hangedman_vaults_corner_blocks, minmay_crypt_entry_simple_plaza,
          hangedman_vaults_variations, nicolae_vaults_alarming,
          vaults_room_corners, v_alt_pattern_2, v_alt_pattern_2, serial_shops,
          shop
Vaults:3: nicolae_vaults_fighting_squares, hangedman_vaults_impose,
          vaults_mumra_hexcomb, nicolae_vaults_border_crossing,
          ontoclasm_vaults_pinch, serial_shops, shop, uniq_aizul
Vaults:4: nicolae_vaults_what_the_h, ontoclasm_vaults_misaligned,
          ontoclasm_vaults_fault, v_misc_12, st_cells, grunt_vaults_twisty,
          nicolae_vaults_little_squares_5, grunt_vaults_hallway_short,
          serial_shops, shop
Vaults:5: uniq_sojobo, uniq_jorgrun
Crypt:2:  lemuel_statue_altar, uniq_margery, uniq_saint_roka
Crypt:3:  evilmike_haunted_forest
Depths:1: hell_entry, kennysheep_generic_room_5
Depths:2: pf_snail_temple, serial_shops, shop, abyss_entry, hell_entry,
          firewood_loft, infiniplex_staircase_pool_lava
Depths:3: kennysheep_four_of_diamonds, enter_ziggurat_f,
          hangedman_abyss_or_decor_stabs, grunt_pan_entry_sceptre, hell_entry,
          abyss_entry, minmay_misc_feat_doors, st_stairs_4
Depths:4: kennysheep_funnel, pf_coc_iceberg, hangedman_abyss_entry_splay,
          serial_sigils_hangedman_gut, infiniplex_staircase_pool_2
Depths:5: grunt_zot_entry_tricorne, hell_entry,
          nicolae_abyss_entry_one_way_or_another, pan_entry
Abyss:3:  hangedman_decor_peaks_small, evilmike_abyss_exit_8
Abyss:4:  hangedman_abyss_sting, hangedman_abyss_rune_macabre_mess, minivault_11
Pan:      evilmike_mini_pan_doors_b, nicolae_pan_mnolegish_3, evilmike_holy_pan,
          rand_demon_3, reaverb_pan_squares, lemuel_hall_of_pain,
          pan_blood_fountain_small, reaverb_pan_chaos_star,
          evilmike_mini_pan_pillars, evilmike_mini_pan_diamond,
          pan_captured_pigsty, evilmike_mini_pan_3x3, rand_demon_4,
          evilmike_mini_pan_V, rand_demon_4, evilmike_mini_pan_corridor,
          nicolae_pan_sigil_itan, rand_demon_7, nicolae_pan_sigil_nadil,
          cerebov, pan_blood_fountain, evilmike_mini_pan_branches,
          grunt_pan_frozen_over, evilmike_mini_pan_pillars_b,
          pan_blood_fountain_2, evilmike_mini_pan_corner,
          pan_blood_fountain_small, nicolae_pan_mnolegish_3,
          evilmike_mini_pan_corridor, evilmike_mini_pan_other_thingy,
          pan_blood_fountain, pan_surprise, evilmike_mini_pan_branches,
          rand_demon_5, rand_demon_6, nicolae_pan_mnolegish_1,
          lom_lobon_spiral_st, mnoleg_grunt_wretched_star, rand_demon_7,
          evilmike_gloorx_vloq_box, pan_blood_fountain_small, rand_demon_1
Trove:    trove_armour_1
IceCv:    ice_cave_caverns_01
Volcano:  volcano_overflow

Action                   |  1- 3 |  4- 6 |  7- 9 | 10-12 | 13-15 | 16-18 | 19-21 | 22-24 | 25-27 || total
-------------------------+-------+-------+-------+-------+-------+-------+-------+-------+-------++-------
Melee: Unarmed           |   124 |   338 |   588 |   724 |  1680 |  1975 |  2368 |  2108 |  8377 || 18282
 Fire: Blowgun           |       |       |     5 |    28 |    14 |    74 |       |       |       ||   121
Invok: Lesser Servant of |       |       |     3 |    25 |    51 |    65 |    32 |    30 |    69 ||   275
       Greater Servant o |       |       |       |       |     1 |     9 |       |     2 |    33 ||    45
 Abil: Evoke Flight      |       |       |       |       |     1 |       |       |       |       ||     1
Evoke: Wand              |       |       |       |     7 |     8 |    17 |     2 |     4 |    34 ||    72
       Fan of gales      |       |       |       |       |     1 |       |       |       |       ||     1
       Deck              |       |       |       |       |       |       |       |     1 |     9 ||    10
       Phantom mirror    |       |       |       |       |       |       |       |       |     1 ||     1
  Use: Potion            |     1 |     7 |       |     4 |    10 |    10 |    11 |     2 |    47 ||    92
       Scroll            |       |     8 |     7 |     9 |    16 |    16 |     7 |     4 |    48 ||   115
 Stab: Distracted        |       |       |       |     3 |    18 |    15 |     5 |    11 |    26 ||    78
       Invisible         |       |       |       |     1 |       |    14 |     3 |       |       ||    18
       Confused          |       |       |       |     1 |     1 |       |     1 |     1 |       ||     4
       Paralysed         |       |       |       |       |       |       |       |       |     2 ||     2
  Eat: Chunk             |     1 |    25 |    20 |    33 |    42 |    44 |    35 |    29 |    74 ||   303
       Bread ration      |       |       |       |     1 |       |       |       |       |     2 ||     3
       Meat ration       |       |       |       |     1 |       |       |     3 |       |    10 ||    14
       Royal jelly       |       |       |       |       |     1 |     1 |       |       |       ||     2
       Pizza             |       |       |       |       |     1 |     1 |     1 |       |     4 ||     7
       Beef jerky        |       |       |       |       |       |    10 |       |     4 |     4 ||    18
       Fruit             |       |       |       |       |       |       |       |     5 |    29 ||    34
